 Dungeon Crawl Stone Soup version 0.28.0-49-g6dfe1f597d (webtiles) character file.

Game seed: 6830766417628805908

1006 KamiKatze the Sneak (level 8, -10/51 HPs)
             Began as an Octopode Brigand on May 19, 2022.
             Was a Priest of Vehumet.
             Killed from afar by a steam dragon (22 damage)
             ... with a ball of steam
             ... on level 6 of the Dungeon.
             The game lasted 00:28:06 (7018 turns).

KamiKatze the Sneak (Octopode Brigand)              Turns: 7018, Time: 00:28:07

Health: -10/51     AC:  1    Str: 10    XL:     8   Next: 20%
Magic:  10/13      EV: 13    Int: 22    God:    Vehumet [***...]
Gold:   316        SH:  0    Dex: 13    Spells: 4/14 levels left

rFire   . . .      SeeInvis +   s - staff of poison
rCold   . . .      Faith    .   (no shield)
rNeg    . . .      Spirit   .   (helmet restricted)
rPois   +          Reflect  .   (no amulet)
rElec   .          Harm     .   g - +6 ring of intelligence
rCorr   .          Rampage  .   t - ring of see invisible
Will    .....                   (no ring)
Stlth   ++++......              (no ring)
HPRegen 0.17/turn               (no ring)
MPRegen 0.13/turn               (no ring)
                                (no ring)
                                (no ring)

@: freezing walls
A: almost no armour, amphibious, 8 rings, camouflage 1, gelatinous body 1,
(nimble swimmer 1), tentacles
a: Renounce Religion


You were on level 6 of the Dungeon.
You worshipped Vehumet.
Vehumet was most pleased with you.
You visited 2 branches of the dungeon, and saw 7 of its levels.
You also visited: Ossuary.

You collected 316 gold pieces.

Inventory:

Hand Weapons
 a - a +2 dagger
 b - a +0 short sword
Missiles
 c - 2 curare-tipped darts
 k - 8 poisoned darts (quivered)
Magical Staves
 s - a staff of poison (weapon)
Jewellery
 g - a +6 ring of intelligence (left tentacle)
 t - a ring of see invisible (right tentacle)
Wands
 p - a wand of paralysis (5)
 u - a wand of iceblast (10)
 w - a wand of polymorph (6)
 A - a wand of flame (23)
Scrolls
 d - a scroll of blinking
 n - 2 scrolls of immolation {unknown}
 r - a scroll of silence {unknown}
 v - 4 scrolls of teleportation {unknown}
 x - a scroll of vulnerability {unknown}
 y - a scroll of amnesia {unknown}
 z - a scroll of acquirement {unknown}
Potions
 e - 2 potions of attraction {unknown}
 f - 3 potions of curing
 h - 2 potions of heal wounds {unknown}
 i - a potion of degeneration {unknown}
 j - 3 potions of magic
 l - 2 potions of invisibility {unknown}
 m - 2 potions of berserk rage {unknown}
 o - 2 potions of resistance {unknown}
 q - a potion of might {unknown}


   Skills:
 + Level 2.4 Fighting
 - Level 2.1 Short Blades
 - Level 2.1 Throwing
 - Level 3.0 Dodging
 - Level 6.0 Stealth
 * Level 3.8 Spellcasting
 * Level 4.0 Conjurations
 * Level 0.3 Fire Magic
 * Level 2.9 Ice Magic
 - Level 4.0 Air Magic
 * Level 0.6 Poison Magic


You had 4 spell levels left.
You knew the following spells:

 Your Spells              Type           Power      Damage    Failure   Level
a - Shock                 Conj/Air       88%        1d8       1%          1
b - Frozen Ramparts       Ice            34%        1d5       3%          3
c - Ignite Poison         Fire/Tmut/Pois 8%         N/A       9%          3
d - Mephitic Cloud        Conj/Pois/Air  25%        N/A       3%          3

Your spell library contained the following spells:

 Spells                   Type           Power      Damage    Failure   Level
 Magic Dart               Conj           88%        1d7       1%          1
 Swiftness                Air            21%        N/A       7%          3
 Ensorcelled Hibernation  Hex/Ice        20%        N/A       10%         2
 Animate Skeleton         Necr           8%         N/A       12%         1
 Pain                     Necr           16%        1d4       12%         1
 Blink                    Tloc           8%         N/A       17%         2
 Call Imp                 Summ           4%         N/A       17%         2
 Passwall                 Tmut/Erth      3%         N/A       17%         2
 Lesser Beckoning         Tloc           4%         N/A       34%         3
 Vampiric Draining        Necr           4%         2d6       34%         3
 Manifold Assault         Tloc           4%         N/A       97%         5


Dungeon Overview and Level Annotations

Branches:
Dungeon (6/15)             Temple (1/1) D:6         Ossuary (visited)

Altars:
Ashenzari
Cheibriados
Dithmenos
Elyvilon
Fedhas
Kikubaaqudgha
Makhleb
Okawaru
Qazlal
Ru
Sif Muna
Trog
Uskayaw
Vehumet
Wu Jian
Xom
Yredelemnul
Zin
The Shining One

Annotations:
D:3 1 runed translucent door, exclusion: door, Crazy Yiuf
D:5 3 runed translucent doors, exclusion: 3 doors, maxonian's ghost, amateur FeTm


Innate Abilities, Weirdness & Mutations

You cannot wear most types of armour.
You are amphibious.
You can wear up to eight rings at the same time.
Your skin changes colour to match your surroundings (Stealth+).
Your rubbery body absorbs attacks. (AC +1, EV +1)
((You are camouflaged when in or above water. (Stealth+)))
You have tentacles for arms and can constrict up to eight enemies at once.


Message History

The white imp is almost dead.
The white imp barely misses you.
You barely miss the white imp. Your grab misses the white imp.
The white imp is almost dead.
The white imp completely misses you. The white imp barely misses you.
You barely miss the white imp. You grab the white imp.
You squeeze the white imp.
You kill the white imp!
Vehumet accepts your kill.
You feel your power returning.
A steam dragon comes into view.
Okay, then.
Unknown command.
Casting: Shock (safe; 1% risk of failure)
Confirm with . or Enter, or press ? or * to list all spells.
Casting: Frozen Ramparts (dangerous; 3% risk of failure)
Press: ? - help, Dir - look around, f - activate The walls around you are covered in ice.
The wall freezes the steam dragon.
The steam dragon breathes steam at you. The ball of steam misses you.
Unknown command.
You are engulfed in a cloud of scalding steam.
The wall freezes the steam dragon.
You are engulfed in a cloud of scalding steam.
The wall freezes the steam dragon.
The steam dragon bites you. The steam dragon misses you.
You are engulfed in a cloud of scalding steam.
The wall freezes the steam dragon.
The steam dragon closely misses you. The steam dragon claws you.
* * * LOW HITPOINT WARNING * * *
Unknown command.
You barely miss the steam dragon.
The steam dragon is moderately wounded.
You are engulfed in a cloud of scalding steam.
* * * LOW HITPOINT WARNING * * *
The wall freezes the steam dragon.
The steam dragon breathes steam at you. The ball of steam hits you!!
You die...

.. .# . . .#. # ##.
... # #.. ... # #.#
#D# # #.# #.# ###
#.###### #.#
..####......######.#
#......)).......@D.#
##.########.########
##.# #.# ##.# #.#
#.## #.# ..# #.###
#.# #...# #.# ###.#
#.# #[#


You could see a steam dragon (catching breath).

Vanquished Creatures
  A necrophage (D:4)
  2 ogres (D:5)
  2 scorpions
  A water moccasin zombie (Ossuary)
  A water moccasin skeleton (D:5)
  A bullfrog zombie (Ossuary)
  A centaur zombie (D:6)
  2 jellies
  An orc priest (D:4)
  A hound (D:3)
  A bullfrog skeleton (D:3)
  2 iguanas
  A hound skeleton (D:5)
  2 mummies (Ossuary)
  6 adders
  3 gnolls (D:6)
  A shadow imp (D:6)
  2 white imps
  3 ufetubi
  2 adder skeletons (D:4)
  2 worms
  3 dart slugs
  7 orcs
  10 ball pythons
  3 bats
  5 endoplasms
  2 giant cockroaches (D:4)
  9 goblins
  3 hobgoblins
  6 jackals (D:3)
  5 quokkas
  3 frilled lizards
  6 kobolds
  5 rats
105 creatures vanquished.

Vanquished Creatures (others)
  2 fungi (D:5)
  2 plants (D:5)
  5 withered plants (Ossuary)
9 creatures vanquished.

Grand Total: 114 creatures vanquished

Notes
Turn   | Place    | Note
-------+----------+-------------------------------------------
     0 | D:1      | KamiKatze the Octopode Brigand began the quest for the Orb.
     0 | D:1      | Reached XP level 1. HP: 14/14 MP: 1/1
   225 | D:1      | Reached XP level 2. HP: 17/19 MP: 2/2
   633 | D:1      | Found a faded altar of an unknown god.
   705 | D:1      | Prayed at the altar of an unknown god.
   705 | D:1      | Became a worshipper of Vehumet
   705 | D:1      | Reached * piety under Vehumet
   705 | D:1      | Offered knowledge of Shock by Vehumet.
   826 | D:1      | Learned a level 1 spell: Shock
  1026 | D:2      | Reached XP level 3. HP: 14/24 MP: 2/4
  1539 | D:2      | Reached skill level 1 in Air Magic
  1820 | D:2      | Reached skill level 1 in Spellcasting
  1927 | D:2      | Reached skill level 1 in Conjurations
  1927 | D:2      | Reached XP level 4. HP: 29/29 MP: 0/5
  2153 | D:3      | Reached ** piety under Vehumet
  2160 | D:3      | Noticed an ogre
  2211 | D:3      | Offered knowledge of Foxfire by Vehumet.
  2550 | D:3      | Reached XP level 5. HP: 31/34 MP: 3/7
  2745 | D:3      | Reached skill level 6 in Stealth
  3113 | D:3      | Found a runed translucent door.
  3114 | D:3      | Noticed Crazy Yiuf
  3272 | D:4      | Noticed a necrophage
  3286 | D:4      | Killed a necrophage
  3287 | D:4      | Reached XP level 6. HP: 38/39 MP: 5/9
  3573 | D:4      | Offered knowledge of Frozen Ramparts by Vehumet.
  3596 | D:4      | Learned a level 3 spell: Frozen Ramparts
  3997 | D:4      | Reached *** piety under Vehumet
  4127 | D:5      | Entered Level 5 of the Dungeon
  4128 | D:5      | Found a sand-covered staircase.
  4132 | Ossuary  | Entered an ossuary
  4167 | Ossuary  | Reached skill level 1 in Ice Magic
  4249 | Ossuary  | Reached XP level 7. HP: 31/45 MP: 11/11
  5102 | D:5      | Found a sacrificial altar of Ru.
  5239 | D:5      | Found a runed translucent gate.
  5240 | D:5      | Found a runed translucent gate.
  5241 | D:5      | Found a runed translucent gate.
  5242 | D:5      | Noticed maxonian's ghost (amateur FeTm)
  5699 | D:5      | Reached XP level 8. HP: 50/50 MP: 9/13
  5847 | D:5      | Offered knowledge of Ignite Poison by Vehumet.
  5852 | D:5      | Learned a level 3 spell: Ignite Poison
  6056 | D:6      | Found a staircase to the Ecumenical Temple.
  6062 | Temple   | Entered the Ecumenical Temple
  6756 | D:6      | Learned a level 3 spell: Mephitic Cloud
  7018 | D:6      | Killed from afar by a steam dragon

Illustrated notes

Levels and vault maps discovered:
D:1:      dpeg_arrival_round_c, layout_loops_ring,
          ebering_ecumenical_altar_rust, minivault_5
D:2:      layout_loops_ring
D:3:      layout_basic, grunt_ministairs_8, uniq_crazy_yiuf_cottage
D:4:      layout_basic
D:5:      layout_cave_pods, mainiacjoe_overflow_six_doors_small,
          gammafunk_ghost_nasty_kobolds, lightli_ossuary_entry_decrepit_ruins
D:6:      layout_loops_ring, mainiacjoe_overflow_catwalk,
          minmay_temple_entry_wispy, chequers_hall_statues_corner_a,
          minmay_door_square
Temple:   regret_index_temple_mists

Skill      XL: |  1  2  3  4  5  6  7  8 |
---------------+-------------------------+-----
Air Magic      | 1 2 3 4 |  4.0
Spellcasting   | 1 2 3 |  3.8
Conjurations   | 1 2 3 4 |  4.0
Dodging        | 2 3 |  3.0
Stealth        | 6 |  6.0
Ice Magic      | 1 2 |  2.9
Fighting       | |  2.4
Short Blades   | |  2.1
Throwing       | |  2.1
Fire Magic     | |  0.3
Poison Magic   | |  0.6

Action                   |  1- 3 |  4- 6 |  7- 9 || total
-------------------------+-------+-------+-------++-------
Melee: Dagger            |    48 |    52 |       ||   100
       Tentacles         |     6 |    21 |    10 ||    37
       Constrict         |     4 |    21 |     8 ||    33
       Staff             |       |    23 |    31 ||    54
       Punch             |       |     1 |       ||     1
 Cast: Shock             |    22 |   101 |    69 ||   192
       Frozen Ramparts   |       |       |     5 ||     5
  Use: Scroll            |       |       |     3 ||     3
 Stab: Sleeping          |    11 |     3 |     2 ||    16
Armor: Skin              |     1 |     7 |     2 ||    10
Dodge: Dodged            |    16 |    37 |    29 ||    82
